PAAA
GRYFINDOR BRAVES @ PURE MICHIGAN GREAT LAKERS
08/08/2026
 
TOP OF THE 1ST
Gryfindor Braves batting - Pitching for Pure Michigan Great Lakers : RHP Alejandro Arteaga
Pitching: RHP Alejandro Arteaga
Batting: LHB Jack Schmitt 0-0: Ball
1-0: Ball
2-0: Ball
3-0: Called Strike
3-1: Base on Balls
Batting: LHB José Corona 0-0: Called Strike
0-1: Ball
1-1: Foul Ball, location: 2F
1-2: Strikes out swinging
Batting: SHB Salvador Trevino 0-0: Foul Ball, location: 2F
0-1: Ball
1-1: Foul Ball, location: 2F
1-2: Foul Ball, location: 2F
1-2: SINGLE (Groundball, 6MD)
Jack Schmitt to second
Batting: SHB Fernando Sánchez 0-0: Called Strike
0-1: Ball
1-1: Ball
2-1: Foul Ball, location: 2F
2-2: Ball
3-2: Grounds into double play, 3-6-3 (Groundball, 3)
Top of the 1st over - 0 run(s), 1 hit(s), 0 error(s), 1 left on base; Gryfindor 0 - Pure Michigan 0
BOTTOM OF THE 1ST
Pure Michigan Great Lakers batting - Pitching for Gryfindor Braves : RHP Kenny Koehler
Pitching: RHP Kenny Koehler
Batting: RHB Alex Maxwell 0-0: SINGLE (Line Drive, 4D)
Batting: RHB Ulbert Sutkamp 0-0: Ball
1-0: Called Strike
1-1: Ball
2-1: Fly out, F1 (Line Drive, 15)
Lined into DP, 1-3 (Line Drive, 15)
Batting: LHB Tim Waters 0-0: Ball
1-0: Ball
2-0: Foul Ball, location: 2F
2-1: Foul Ball, location: 2F
2-2: Ball
3-2: Ground out 4-3 (Groundball, 4)
Bottom of the 1st over - 0 run(s), 1 hit(s), 0 error(s), 0 left on base; Gryfindor 0 - Pure Michigan 0
TOP OF THE 2ND
Gryfindor Braves batting - Pitching for Pure Michigan Great Lakers : RHP Alejandro Arteaga
Batting: RHB Steve Duncan 0-0: Called Strike
0-1: Ball
1-1: Ball
2-1: Ball
3-1: Base on Balls
Batting: RHB Ernesto Souza 0-0: Ball
1-0: Ball
2-0: Foul Ball, location: 2F
2-1: Ball
3-1: Swinging Strike
3-2: Foul Ball, location: 2F
3-2: Foul Ball, location: 2F
3-2: Base on Balls
Steve Duncan to second
Batting: SHB Félix Cruz 0-0: Ball
1-0: Called Strike
1-1: Swinging Strike
1-2: Foul Ball, location: 2F
1-2: Strikes out swinging
Batting: SHB Emílio Gonzáles 0-0: Ball
1-0: Swinging Strike
1-1: Called Strike
1-2: Foul Ball, location: 2F
1-2: Strikes out swinging
Batting: RHB Bob McNeil 0-0: Ball
1-0: Foul Ball, location: 2F
1-1: Called Strike
1-2: Ball
2-2: Fly out, F6 (Popup, 6)
Top of the 2nd over - 0 run(s), 0 hit(s), 0 error(s), 2 left on base; Gryfindor 0 - Pure Michigan 0
BOTTOM OF THE 2ND
Pure Michigan Great Lakers batting - Pitching for Gryfindor Braves : RHP Kenny Koehler
Batting: LHB Mike Silver 0-0: Called Strike
0-1: Swinging Strike
0-2: Ball
1-2: Ball
2-2: Foul Ball, location: 2F
2-2: Ground out 4-3 (Groundball, 4)
Batting: RHB Ron Ward 0-0: Called Strike
0-1: Ball
1-1: Ball
2-1: Foul Ball, location: 2F
2-2: Foul Ball, location: 2F
2-2: Ball
3-2: Base on Balls
Batting: LHB Eric Thackston 0-0: Called Strike
0-1: Ball
1-1: Ball
2-1: Called Strike
2-2: Ball
Wild Pitch!
Ron Ward to second
3-2: Foul Ball, location: 2F
3-2: Foul Ball, location: 2F
3-2: Strikes out swinging
Batting: SHB Mike Barton 0-0: Ball
1-0: Swinging Strike
1-1: Called Strike
1-2: Strikes out looking
Bottom of the 2nd over - 0 run(s), 0 hit(s), 0 error(s), 1 left on base; Gryfindor 0 - Pure Michigan 0
TOP OF THE 3RD
Gryfindor Braves batting - Pitching for Pure Michigan Great Lakers : RHP Alejandro Arteaga
Batting: LHB Jack Schmitt 0-0: Ball
1-0: Ball
2-0: Ball
3-0: Foul Ball, location: 2F
3-1: Foul Ball, location: 2F
3-2: Base on Balls
Batting: LHB José Corona 0-0: Swinging Strike
0-1: Ball
1-1: Foul Ball, location: 2F
1-2: Ball
2-2: Foul Ball, location: 2F
2-2: Foul Ball, location: 2F
2-2: Ground out 3-1 (Groundball, 3)
Jack Schmitt to second
Batting: SHB Salvador Trevino 0-0: Ball
Wild Pitch!
Jack Schmitt to third
1-0: Swinging Strike
1-1: Ball
2-1: Called Strike
2-2: Fly out, F8 (Flyball, 78M)
Runner from 3rd tags up, SCORES, no throw
Batting: SHB Fernando Sánchez 0-0: Ball
1-0: Ball
2-0: Called Strike
2-1: Ball
3-1: Fly out, F9 (Line Drive, 9)
Top of the 3rd over - 1 run(s), 0 hit(s), 0 error(s), 0 left on base; Gryfindor 1 - Pure Michigan 0
BOTTOM OF THE 3RD
Pure Michigan Great Lakers batting - Pitching for Gryfindor Braves : RHP Kenny Koehler
Batting: LHB António Boccanegra 0-0: Ball
1-0: Foul Ball, location: 2F
1-1: Ball
2-1: Swinging Strike
2-2: SINGLE (Line Drive, 56)
Batting: RHB Jean Chamissa 0-0: Called Strike
0-1: Called Strike
0-2: Strikes out swinging
Batting: RHB Alex Maxwell 0-0: SINGLE (Flyball, 8LS)
António Boccanegra to second
Batting: RHB Ulbert Sutkamp 0-0: Called Strike
0-1: Fielders Choice at 2nd, 1-4 (Groundball, 15S)
António Boccanegra to third
Batting: LHB Tim Waters 0-0: Foul Ball, location: 2F
0-1: Called Strike
0-2: Ball
1-2: Ball
2-2: Fly out, F8 (Flyball, 8LD)
Bottom of the 3rd over - 0 run(s), 2 hit(s), 0 error(s), 2 left on base; Gryfindor 1 - Pure Michigan 0
TOP OF THE 4TH
Gryfindor Braves batting - Pitching for Pure Michigan Great Lakers : RHP Alejandro Arteaga
Batting: RHB Steve Duncan 0-0: Foul Ball, location: 2F
0-1: Ball
1-1: Called Strike
1-2: Fly out, F6 (Line Drive, 6)
Batting: RHB Ernesto Souza 0-0: Called Strike
0-1: Swinging Strike
0-2: Ball
1-2: Foul Ball, location: 2F
1-2: Foul Ball, location: 2F
1-2: Foul Ball, location: 2F
1-2: Ball
2-2: Strikes out swinging
Batting: SHB Félix Cruz 0-0: Ball
1-0: Called Strike
1-1: Ball
2-1: Ball
3-1: Called Strike
3-2: Foul Ball, location: 2F
3-2: Base on Balls
Batting: SHB Emílio Gonzáles 0-0: 2-RUN HOME RUN (Flyball, 78XD), Distance : 419 ft
Batting: RHB Bob McNeil 0-0: Ground out 5-3 (Groundball, 5)
Top of the 4th over - 2 run(s), 1 hit(s), 0 error(s), 0 left on base; Gryfindor 3 - Pure Michigan 0
BOTTOM OF THE 4TH
Pure Michigan Great Lakers batting - Pitching for Gryfindor Braves : RHP Kenny Koehler
Batting: LHB Mike Silver 0-0: Called Strike
0-1: Foul Ball, location: 2F
0-2: Ball
1-2: Foul Ball, location: 2F
1-2: Foul Ball, location: 2F
1-2: Ball
2-2: Foul Ball, location: 2F
2-2: Fly out, F8 (Line Drive, 8RD)
Batting: RHB Ron Ward 0-0: Called Strike
0-1: Ball
1-1: Ball
2-1: Foul Ball, location: 2F
2-2: Foul Ball, location: 2F
2-2: Ball
3-2: Foul Ball, location: 2F
3-2: Ground out 5-3 (Groundball, 56S)
Batting: LHB Eric Thackston 0-0: Ball
1-0: Called Strike
1-1: Ground out 4-3 (Groundball, 4)
Bottom of the 4th over - 0 run(s), 0 hit(s), 0 error(s), 0 left on base; Gryfindor 3 - Pure Michigan 0
TOP OF THE 5TH
Gryfindor Braves batting - Pitching for Pure Michigan Great Lakers : RHP Alejandro Arteaga
Batting: LHB Jack Schmitt 0-0: Ground out 4-3 (Groundball, 4M)
Batting: LHB José Corona 0-0: Foul Ball, location: 2F
0-1: DOUBLE (Flyball, 78XD)
Batting: SHB Salvador Trevino 0-0: Intentional Walk
Batting: SHB Fernando Sánchez 0-0: Ball
1-0: Foul Ball, location: 2F
1-1: Foul Ball, location: 2F
1-2: Strikes out swinging
Batting: RHB Steve Duncan 0-0: Foul Ball, location: 2F
0-1: Fly out, F7 (Flyball, 7LM)
Top of the 5th over - 0 run(s), 1 hit(s), 0 error(s), 2 left on base; Gryfindor 3 - Pure Michigan 0
BOTTOM OF THE 5TH
Pure Michigan Great Lakers batting - Pitching for Gryfindor Braves : RHP Kenny Koehler
Batting: SHB Mike Barton 0-0: Swinging Strike
0-1: Foul Ball, location: 2F
0-2: Ball
1-2: Ground out 4-3 (Groundball, 4M)
Batting: LHB António Boccanegra 0-0: Ball
1-0: Foul Ball, location: 2F
1-1: Swinging Strike
1-2: Ball
2-2: Ball
3-2: Foul Ball, location: 2F
3-2: Fly out, F6 (Popup, 6)
Batting: RHB Jean Chamissa 0-0: Ground out 6-3 (Groundball, 6)
Bottom of the 5th over - 0 run(s), 0 hit(s), 0 error(s), 0 left on base; Gryfindor 3 - Pure Michigan 0
TOP OF THE 6TH
Gryfindor Braves batting - Pitching for Pure Michigan Great Lakers : RHP Alejandro Arteaga
Batting: RHB Ernesto Souza 0-0: Foul Ball, location: 2F
0-1: Ball
1-1: Ball
2-1: Fly out, F8 (Flyball, 89M)
Batting: SHB Félix Cruz 0-0: Called Strike
0-1: Foul Ball, location: 2F
0-2: Ball
1-2: Ball
2-2: Strikes out swinging
Batting: SHB Emílio Gonzáles 0-0: Called Strike
0-1: Foul Ball, location: 2F
0-2: Ground out 4-3 (Groundball, 4D)
Top of the 6th over - 0 run(s), 0 hit(s), 0 error(s), 0 left on base; Gryfindor 3 - Pure Michigan 0
BOTTOM OF THE 6TH
Pure Michigan Great Lakers batting - Pitching for Gryfindor Braves : RHP Kenny Koehler
Batting: RHB Alex Maxwell 0-0: Ball
1-0: Foul Ball, location: 2F
1-1: Foul Ball, location: 2F
1-2: Foul Ball, location: 2F
1-2: Ball
2-2: Strikes out swinging
Batting: RHB Ulbert Sutkamp 0-0: SINGLE (Line Drive, 6M)
Batting: LHB Tim Waters 0-0: Ball
1-0: Called Strike
1-1: Swinging Strike
1-2: Ball
2-2: Ball
3-2: DOUBLE (Flyball, 7LD)
Ulbert Sutkamp to third
Pitching: RHP Stanley Williams
Batting: LHB Mike Silver 0-0: DOUBLE (Line Drive, 9LS)
Ulbert Sutkamp scores
Tim Waters scores
Batting: RHB Ron Ward 0-0: Ball
1-0: SINGLE (Groundball, 4MD)
Mike Silver to third
Runner from 3rd tries for Home, SAFE, throw made home
Ron Ward to second
Batting: LHB Eric Thackston 0-0: Intentional Walk
Batting: SHB Mike Barton 0-0: Ball
1-0: Ball
2-0: Foul Ball, location: 2F
2-1: Ball
3-1: Swinging Strike
3-2: Base on Balls
Ron Ward to third
Eric Thackston to second
Batting: LHB António Boccanegra 0-0: Ball
1-0: Ball
2-0: Called Strike
2-1: Swinging Strike
2-2: Foul Ball, location: 2F
2-2: Fly out, F8 (Flyball, 8LM)
Runner from 3rd tags up, SCORES, throw made
Batting: RHB Jean Chamissa 0-0: Fly out, F8 (Line Drive, 8LXD)
Bottom of the 6th over - 4 run(s), 4 hit(s), 0 error(s), 2 left on base; Gryfindor 3 - Pure Michigan 4
TOP OF THE 7TH
Gryfindor Braves batting - Pitching for Pure Michigan Great Lakers : RHP Alejandro Arteaga
Batting: RHB Bob McNeil 0-0: Ball
1-0: Ball
2-0: Ball
3-0: Called Strike
3-1: Base on Balls
Pitching: LHP Jim Unknown
Batting: LHB Jack Schmitt 0-0: Ball
1-0: Ball
2-0: Bunted foul
2-1: Sac Bunt - play at first, batter OUT! 3-4
Bob McNeil to second
Batting: LHB José Corona 0-0: Ball
1-0: Foul Ball, location: 2F
1-1: Ground out 4-3 (Groundball, 4)
Bob McNeil to third
Batting: SHB Salvador Trevino 0-0: Ball
1-0: Ball
2-0: Foul Ball, location: 2F
2-1: Swinging Strike
2-2: Foul Ball, location: 2F
2-2: Ball
3-2: Strikes out swinging
Top of the 7th over - 0 run(s), 0 hit(s), 0 error(s), 1 left on base; Gryfindor 3 - Pure Michigan 4
BOTTOM OF THE 7TH
Pure Michigan Great Lakers batting - Pitching for Gryfindor Braves : RHP Stanley Williams
Batting: RHB Alex Maxwell 0-0: Called Strike
0-1: Ball
1-1: Ball
2-1: Swinging Strike
2-2: Strikes out swinging
Batting: RHB Ulbert Sutkamp 0-0: Ball
1-0: Foul Ball, location: 2F
1-1: Foul Ball, location: 2F
1-2: Fly out, F8 (Flyball, 8LXD)
Batting: LHB Tim Waters 0-0: Ball
1-0: Called Strike
1-1: Reached on error, E2 (Popup, 2R)
Batting: LHB Mike Silver 0-0: Ball
1-0: Fly out, F4 (Popup, 4M)
Bottom of the 7th over - 0 run(s), 0 hit(s), 1 error(s), 1 left on base; Gryfindor 3 - Pure Michigan 4
TOP OF THE 8TH
Gryfindor Braves batting - Pitching for Pure Michigan Great Lakers : LHP Jim Unknown
Pitching: RHP Lorenzo Tamargo
Batting: SHB Fernando Sánchez 0-0: Ball
1-0: Ball
2-0: Ball
3-0: Called Strike
3-1: Foul Ball, location: 2F
3-2: Fly out, F4 (Line Drive, 34D)
Pitching: RHP Gary Jones
Batting: RHB Steve Duncan 0-0: Ball
1-0: Foul Ball, location: 2F
1-1: Ball
2-1: Swinging Strike
2-2: Ground out 6-3 (Groundball, 6S)
Batting: RHB Ernesto Souza 0-0: Called Strike
0-1: Ball
1-1: Ground out 6-3 (Groundball, 6)
Top of the 8th over - 0 run(s), 0 hit(s), 0 error(s), 0 left on base; Gryfindor 3 - Pure Michigan 4
BOTTOM OF THE 8TH
Pure Michigan Great Lakers batting - Pitching for Gryfindor Braves : RHP Stanley Williams
Batting: RHB Ron Ward 0-0: DOUBLE (Flyball, 9LM)
Batting: LHB Eric Thackston 0-0: Intentional Walk
Pinch Runner at 2nd César Muñóz:
Batting: SHB Mike Barton 0-0: Sac Bunt - play at first, batter OUT! 1-4
César Muñóz to third
Eric Thackston to second
Batting: LHB António Boccanegra 0-0: Intentional Walk
Pinch Hitting: RHB Zong-yuan Fung 0-0: Called Strike
0-1: Foul Ball, location: 2F
0-2: Grounds into fielders choice 6-2 (Groundball, 6)
Eric Thackston to third
António Boccanegra to second
Pinch Hitting: RHB John Thompson 0-0: Called Strike
0-1: Foul Ball, location: 2F
0-2: Ball
1-2: Fly out, F4 (Flyball, 4D)
Bottom of the 8th over - 0 run(s), 1 hit(s), 0 error(s), 3 left on base; Gryfindor 3 - Pure Michigan 4
TOP OF THE 9TH
Gryfindor Braves batting - Pitching for Pure Michigan Great Lakers : RHP Gary Jones
Pitching: RHP Ciríaco Muro
Now at 2B: César Muñóz
Now at 3B: Kap-yong Chong
Now in CF: Sisto Pagnamenta
Batting: SHB Félix Cruz 0-0: Ball
1-0: Foul Ball, location: 2F
1-1: Swinging Strike
1-2: Strikes out swinging
Pinch Hitting: LHB Ken Watanabe 0-0: Called Strike
0-1: Ball
1-1: Swinging Strike
1-2: Ball
2-2: Ball
3-2: Foul Ball, location: 2F
3-2: Foul Ball, location: 2F
3-2: Base on Balls
Pinch Runner at 1st Jim Unknown:
Pinch Hitting: SHB Arturo Romero 0-0: Ball
1-0: Foul Ball, location: 2F
1-1: Ball
2-1: Ball
3-1: Base on Balls
Jim Unknown to second
Batting: LHB Jack Schmitt 0-0: Called Strike
0-1: Called Strike
0-2: Grounds into double play, 4-6-3 (Groundball, 4)
Top of the 9th over - 0 run(s), 0 hit(s), 0 error(s), 1 left on base; Gryfindor 3 - Pure Michigan 4
Monday, March 20th, 2017 - OOTP Baseball 17.12 Build 75